cohdb
Replays
Latest Replays
All Replays
Popular Replays
Top Player Replays
Match Explorer
How It Works
Community
CoH3 Stats
Reddit
Sign in to upload your games and track your stats! →
Sign in with Steam
Match 43481650
Unlisted
Match 43481650
Overview
Messages
Build Orders
End
Kradschützen Motorcycle Team
Panzerpioneer Squad
Panzerpioneer Squad
Panzerpioneer Squad
Construct Light Support Kompanie
Panzerjäger Squad
Selects Italian Infantry
Selects Guastatori Squad
Selects L6/40 Light Tank Combat Group
L6/40 Light Tank Combat Group
Panzerjäger Mechanized Group
Fire Support Elements
Vehicle Survival Package
Veteran Squad Leaders
Construct Panzerarmee Kommand
Selects Defensive Operations
Emergency Repair Kits
mongman
PlumApollo
RunningWithFate
Onoyk
0
0
Comments
sign in to comment!
No comments posted yet!